 Dungeon Crawl Stone Soup version 0.19.4 (console) character file.

119 shpingle the Slasher (level 4, 0/31 HPs)
             Began as a High Elf Chaos Knight on Feb 4, 2017.
             Succumbed to LORDOFBUTT's ghost's poison
             ... on level 3 of the Dungeon.
             The game lasted 00:13:04 (2245 turns).

shpingle the Slasher (High Elf Chaos Knight)        Turns: 2245, Time: 00:13:06

Health: 0/31       AC:  9    Str: 11    XL:     4   Next: 74%
Magic:  2/5        EV: 17    Int: 15    God:    Xom [.*....]
Gold:   92         SH:  0    Dex: 21    Spells: 0 memorised, 3 levels left

rFire  + . .     SeeInvis .     a - +1 falchion (chaos)
rCold  . . .     Gourm    .     s - +2 ring mail {rF+}
rNeg   . . .     Faith    .     (no shield)
rPois  .         Spirit   +     o - +0 helmet
rElec  .         Reflect  .     f - +0 cloak
rCorr  .         Harm     .     (no gloves)
MR     .....                    (no boots)
Stlth  +.........               u - amulet of guardian spirit
                                (no ring)
                                (no ring)

@: agile, lethally poisoned (0 -> -23), glowing
A: no striking features
a: Renounce Religion


You were on level 3 of the Dungeon.
You worshipped Xom.
You were a plaything of Xom.
You were very full.

You visited 1 branch of the dungeon, and saw 3 of its levels.

You collected 92 gold pieces.

Inventory:

Hand Weapons
 a - a +1 falchion of chaos (weapon)
Missiles
 l - 51 arrows
 n - 64 stones (quivered)
Armour
 b - a +2 leather armour
 f - a +0 cloak (worn)
 o - a +0 helmet (worn)
 s - a +2 ring mail of fire resistance (worn)
Jewellery
 j - an uncursed amulet of the gourmand
 u - an amulet of guardian spirit (around neck)
Scrolls
 d - 2 scrolls of fear
 h - a scroll of identify
Potions
 e - a potion of cure mutation {!q}
Comestibles
 c - 3 bread rations
 t - 2 chunks of flesh


   Skills:
 - Level 3.0 Fighting
 * Level 5.0 Long Blades
 + Level 1.0 Armour
 * Level 3.7 Dodging
 + Level 2.2 Stealth
 + Level 0.4 Spellcasting


You had 3 spell levels left.
You didn't know any spells.

Dungeon Overview and Level Annotations

Branches:
Dungeon (3/15)

Altars:
Fedhas

Annotations:
D:3 exclusions: player ghost and 1 more exclusion, LORDOFBUTT's ghost, amateur SpEn; Natasha


Message History

You miss LORDOFBUTT's ghost.
LORDOFBUTT's ghost is moderately damaged.
* * * LOW HITPOINT WARNING * * *
You feel sick. The ball python misses you.
You riposte.
You hit the ball python. You freeze the ball python.
You kill the ball python!
LORDOFBUTT's ghost misses you.
The hobgoblin hits you but does no damage.
Your crimson imp blinks!
Natasha wildly gestures.
You feel troubled.
LORDOFBUTT's ghost hits you but does no damage.
Okay, then.
As you read the scroll of fear, it crumbles to dust.
You assume a fearsome visage.
Your crimson imp is unaffected.
The hobgoblin looks frightened!
Natasha looks frightened!
LORDOFBUTT's ghost is unaffected.
You die...
Xom titters!

....W....█ ██ .....
........████████. .....
................ ♪..(.
...... ██████. ....█
...█ █. ... ███..█ █.
█.██.(..██ ██.
███hg†§....█ █..
█...@W██.█.███ █..
█.....██.█...██ █..
█.....██.███..██ █..
█......██.████..█ █..
.<......██......█████÷.
..██.5.........█........
. ..............█..█...
..█████████████.....█...
W.h. █████.....█...█.


You could see Natasha (fleeing), LORDOFBUTT's ghost, a hobgoblin (fleeing) and a
friendly crimson imp.

Vanquished Creatures
  Terence (D:2)
  Natasha (D:3)
  3 adders
  2 worms (D:2)
  2 leopard geckos
  A ball python (D:3)
  6 bats
  A giant cockroach (D:1)
  8 goblins
  4 hobgoblins
  A kobold (D:1)
  2 frilled lizards
  5 rats
37 creatures vanquished.

Notes
Turn   | Place    | Note
-------+----------+-------------------------------------------
     0 | D:1      | shpingle the High Elf Chaos Knight began the quest for the Orb.
     0 | D:1      | Reached XP level 1. HP: 16/16 MP: 2/2
   272 | D:1      | XOM: divination: magic mapping
   358 | D:1      | Reached XP level 2. HP: 21/21 MP: 3/3
   398 | D:1      | Reached skill level 4 in Long Blades
   838 | D:2      | XOM: harmless Hex miscast
   910 | D:2      | Reached XP level 3. HP: 23/26 MP: 4/4
   964 | D:2      | Found a blossoming altar of Fedhas.
  1065 | D:2      | Reached skill level 3 in Dodging
  1246 | D:2      | Noticed Terence
  1737 | D:2      | XOM: give mutations
  1737 | D:2      | Gained mutation: You have a pair of small horns on your head. [Xom's mischief]
  1737 | D:2      | Gained mutation: You have an increased reservoir of magic. (+10% MP) [Xom's mischief]
  1737 | D:2      | Gained mutation: You are weak. (Str -2) [Xom's mischief]
  1737 | D:2      | Gained mutation: Scrolls take you a little longer to read. [Xom's mischief]
  1787 | D:2      | Killed Terence
  1787 | D:2      | Reached XP level 4. HP: 13/31 MP: 5/5
  2158 | D:3      | XOM: harmless Conj miscast
  2178 | D:3      | Noticed Natasha
  2179 | D:3      | Noticed LORDOFBUTT's ghost (amateur SpEn)
  2189 | D:3      | Lost mutation: Scrolls take you a little longer to read. [potion of cure mutation]
  2189 | D:3      | Lost mutation: You have a pair of small horns on your head. [potion of cure mutation]
  2189 | D:3      | Lost mutation: You have an increased reservoir of magic. (+10% MP) [potion of cure mutation]
  2189 | D:3      | Lost mutation: You are weak. (Str -2) [potion of cure mutation]
  2194 | D:3      | Killed Natasha
  2194 | D:3      | Reached skill level 5 in Long Blades
  2225 | D:3      | XOM: enchant monster (bad)
  2226 | D:3      | XOM: summons 2 friendly demons
  2240 | D:3      | Noticed Natasha
  2245 | D:3      | Succumbed to LORDOFBUTT's ghost's poison

Skill      XL: |  1  2  3  4 |
---------------+-------------+-----
Long Blades    | 4 5 |  5.0
Stealth        | 1 2 |  2.2
Dodging        | 3 |  3.7
Armour         | 1 |  1.0
Fighting       | |  3.0
Spellcasting   | |  0.4

Action                   |  1- 3 |  4- 6 || total
-------------------------+-------+-------++-------
Melee: Falchion          |   110 |    22 ||   132
       Headbutt          |     1 |     1 ||     2
Throw: Stone             |     5 |     2 ||     7
  Use: Scroll            |       |     6 ||     6
       Potion            |       |     4 ||     4
 Stab: Sleeping          |     4 |       ||     4
  Eat: Chunk             |    14 |     1 ||    15
Armor: Leather armour    |    32 |       ||    32
       Ring mail         |       |    13 ||    13
Dodge: Dodged            |    56 |    18 ||    74
       Rpst.: Falchion   |    24 |    10 ||    34
